 Dungeon Crawl Stone Soup version 0.31-a0-986-g5e6e4ef867 (webtiles) character file.

Game seed: 15988012163845545057

357 timneilson the Ruffian (level 6, -3/41 HPs)
             Began as an Octopode Shapeshifter on Nov 4, 2023.
             Slain by Duvessa
             ... wielding a +0 short sword
              (12 damage)
             ... on level 4 of the Dungeon.
             The game lasted 00:05:18 (2966 turns).

timneilson the Ruffian (Octopode Shapeshifter)      Turns: 2966, Time: 00:05:19

Health: -3/41      AC:  5    Str: 15    XL:     6   Next: 64%
Magic:  7/8        EV: 13    Int: 13    God:
Gold:   146        SH:  0    Dex: 11    Spells: 4/7 levels left

rFire   . .          .
                       - Unarmed
rCold   . . .        (no shield)
rNeg    . . .        (helmet currently unavailable)
rPois   .            (no amulet)
rElec   .            d - ring of resist corrosion
rCorr   +            g - +4 ring of protection
SInv    .            l - ring of flight
Will    .....        (no ring)
Stlth   +++          (no ring)
HPRegen 0.26/turn    (no ring)
MPRegen 0.11/turn    (no ring)
                     (no ring)

%: no passive effects
@: brilliant, beast-form, flying, hasted, very quick
A: beast (slay +2), almost no armour, amphibious, 8 rings, camouflage 1,
gelatinous body 1, (nimble swimmer 1), tentacles
a: Begin Untransformation


You were on level 4 of the Dungeon.
You were a hulking beast.
You visited 1 branch of the dungeon, and saw 4 of its levels.

You collected 146 gold pieces.

Inventory:

Jewellery
 d - a ring of resist corrosion (left tentacle)
 g - a +4 ring of protection (right tentacle)
 l - a ring of flight (on tentacle)
 p - a ring of ice
Talismans
 b - a beast talisman
 c - a flux talisman
Scrolls
 k - a scroll of teleportation
 n - a scroll of poison
 o - a scroll of blinking
Potions
 a - 2 potions of lignification
 e - a potion of mutation
 f - a potion of haste
 i - a potion of cancellation
 j - 2 potions of enlightenment
 m - a potion of degeneration {unknown}


   Skills:
 * Level 2.7 Fighting
 * Level 3.4 Dodging
 + Level 2.6 Stealth
 * Level 4.1 Unarmed Combat
 + Level 1.3 Spellcasting
 + Level 1.2 Air Magic
 * Level 3.9 Shapeshifting


You had 4 spell levels left.
You knew the following spells:

 Your Spells              Type           Power      Damage    Failure   Level
a - Swiftness             Air            6%         N/A       45%         3

Your spell library contained the following spells:

 Spells                   Type           Power      Damage    Failure   Level
 Ensorcelled Hibernation  Hex/Ice        2%         N/A       38%         2
 Passwall                 Tmut/Erth      0%         N/A       38%         2


Dungeon Overview and Level Annotations

Branches:
Dungeon (4/15)
 Temple: D:4-7

Altars:
Fedhas
Hepliaklqana

Shops:
D:4 (

Annotations:
D:3 1 runed translucent door, Crazy Yiuf
D:4 Duvessa


Innate Abilities, Weirdness & Mutations

You are a hulking beast.
Your limbs bulge with bestial killing power. (Slay +2)
You cannot wear most types of armour.
You are amphibious.
You can wear up to eight rings at the same time.
Your skin changes colour to match your surroundings (Stealth+).
Your rubbery body absorbs attacks. (AC +1, EV +1)
((You are camouflaged when in or above water. (Stealth+)))
You have tentacles for arms and can constrict up to eight enemies at once.


Message History

You tentacle-slap Eustachio. You squeeze Eustachio.
Eustachio is moderately wounded.
You constrict Eustachio. Duvessa says, "Did you see that move?
Perfect!"
Eustachio hits you with a +0 rapier.
You tentacle-slap Eustachio but do no damage.
Eustachio is heavily wounded.
You constrict Eustachio. Eustachio hits you with a +0 rapier.
You tentacle-slap Eustachio.
Eustachio is severely wounded.
You constrict Eustachio. Eustachio hits you with a +0 rapier.
You tentacle-slap Eustachio. You squeeze Eustachio!
Eustachio is almost dead.
You constrict Eustachio.
You kill Eustachio!
Duvessa says, "Where magic fails, the sword succeeds!"
Your Unarmed Combat skill increases to level 4!
Your Air Magic skill increases to level 1!
You have reached level 6!
You feel yourself speed up. Dowan hits you with a +0 dagger.
You closely miss Dowan. You grab Dowan. You constrict Dowan.
You tentacle-slap Dowan. You squeeze Dowan!
Dowan is heavily wounded.
You constrict Dowan, but do no damage. Dowan closely misses you.
You bludgeon Dowan!
Dowan is almost dead.
You constrict Dowan. You tentacle-slap Dowan. x2
You kill Dowan!
Duvessa weeps, and shakes her weapon.
Duvessa goes berserk!
You tentacle-slap Duvessa but do no damage.
You grab Duvessa.
You constrict Duvessa, but do no damage.
Duvessa hits you with a +0 short sword!
* * * LOW HITPOINT WARNING * * *
It was a potion of brilliance.
You feel clever all of a sudden.
You constrict Duvessa. Duvessa hits you with a +0 short sword!
You die...

..........#
l..........# .. ....
............#.. PP.#
.........P........#
.....$.......#§P..#
........P..P.P§.P.##
...........#.§PP.P.#
......P#e.§P§#P#
.......h#.§....####
.........#§§P......
.....PP...........###
.......#............##
......###............#
......##.............#
....#................#
....#####............#
... #............#


You could see Duvessa (berserk).

Vanquished Creatures
  Eustachio (D:4)
  Dowan (D:4)
  Natasha (twice) (D:2)
  5 adders
  6 dart slugs
  A worm (D:2)
  4 ball pythons
  4 endoplasms
  4 giant cockroaches (D:1)
  2 goblins
  6 hobgoblins
  4 jackals
  3 quokkas
  8 bats
  2 frilled lizards (D:1)
  5 kobolds
  5 rats
63 creatures vanquished.

Notes
Turn   | Place    | Note
-------+----------+-------------------------------------------
     0 | D:1      | timneilson the Octopode Shapeshifter began the quest for
                  | the Orb.
     0 | D:1      | Reached XP level 1. HP: 13/13 MP: 1/1
   108 | D:1      | Reached XP level 2. HP: 13/18 MP: 2/2
   632 | D:1      | Reached XP level 3. HP: 23/23 MP: 3/3
   964 | D:2      | Reached skill level 1 in Stealth
  1137 | D:2      | Reached XP level 4. HP: 29/29 MP: 4/4
  1292 | D:2      | Learned a level 3 spell: Swiftness
  1412 | D:2      | Noticed Natasha
  1419 | D:2      | Killed Natasha
  1566 | D:2      | Noticed Natasha
  1571 | D:2      | Killed Natasha
  1766 | D:3      | Found a blossoming altar of Fedhas.
  1816 | D:3      | Reached XP level 5. HP: 34/34 MP: 6/6
  1982 | D:3      | Found a runed translucent door.
  1983 | D:3      | Noticed Crazy Yiuf
  2211 | D:3      | Reached skill level 1 in Spellcasting
  2752 | D:4      | Noticed Eustachio
  2752 | D:4      | Found a hazy altar of Hepliaklqana.
  2880 | D:4      | Found Qiogezxa's Antique Weapon Boutique.
  2953 | D:4      | Noticed Duvessa
  2953 | D:4      | Noticed Dowan
  2959 | D:4      | Killed Eustachio
  2960 | D:4      | Reached skill level 4 in Unarmed Combat
  2960 | D:4      | Reached skill level 1 in Air Magic
  2960 | D:4      | Reached XP level 6. HP: 23/41 MP: 7/7
  2964 | D:4      | Killed Dowan
  2966 | D:4      | Slain by Duvessa

Illustrated notes

Levels and vault maps discovered:
D:1:      reono_arrival_forest_river, layout_loops_corners
D:2:      layout_basic, serial_forest, infiniplex_forest_zigzag_1,
          infiniplex_forest_clump_curved, infiniplex_forest_clump_diagonal,
          infiniplex_forest_split, infiniplex_forest_lined_3_way,
          infiniplex_forest_clump_large, infiniplex_forest_end_3,
          infiniplex_forest_pool, minivault_14, minmay_tall_x, uniq_natasha
D:3:      layout_loops_corners, general_overflow_altar, uniq_crazy_yiuf_cottage
D:4:      layout_cave_pods, nicolae_hepliaklqana_hazy_memory, serial_shops,
          kennysheep_mini, biasface_ghost_orc_armoury, uniq_eustachio,
          uniq_robin, uniq_duvessa

Skill      XL: |  1  2  3  4  5 |
---------------+----------------+-----
Stealth        | 1 2 |  2.6
Fighting       | 2 |  2.7
Spellcasting   | 1 |  1.3
Dodging        | 3 |  3.4
Unarmed Combat | 4 |  4.1
Air Magic      | 1 |  1.2
Shapeshifting  | |  3.9

Action                     |  1- 3 |  4- 6 || total
---------------------------+-------+-------++-------
  Melee: Unarmed           |    64 |    57 ||   121
         Tentacles         |    13 |    13 ||    26
         Constrict         |    19 |    14 ||    33
         Punch             |     1 |     2 ||     3
    Use: Scroll            |     1 |     7 ||     8
         Potion            |       |     2 ||     2
   Stab: Sleeping          |     6 |     6 ||    12
 Armour: Skin              |    18 |    17 ||    35
  Dodge: Dodged            |    24 |    28 ||    52

Table legend: (Time is in decaauts)
 A = Elapsed time spent in this place.
 B = Non-inter-level travel time spent in this place.
 C = Inter-level travel time spent in this place.
 D = Time resting spent in this place.
 E = Time spent auto-exploring this place.
 F = Levels seen in this place.
 G = Mean time per level.
                   A        B        C        D        E       F      G
               +--------+--------+--------+--------+--------+-----+--------+
         Total |   2954 |   2815 |    139 |     35 |   2186 |   4 |  738.5 |
       Dungeon |   2954 |   2815 |    139 |     35 |   2186 |   4 |  738.5 |
               +--------+--------+--------+--------+--------+-----+--------+

Top non-repeatable levels by time:
     D:3: 1052 daAuts
     D:1: 889 daAuts
     D:2: 854 daAuts
     D:4: 157 daAuts
